AoeStats
← brian_carp11

Arabia

503529893Analyzed
1v1 RM · 1mo ago on Sep 1, 2026· 26m 29s· 2 players
Game mode
Random Map
Map size
Tiny (2 player)
Population
200
Speed
Normal
Resources
Standard
Victory
Conquest
Starting age
Dark Age
Ending age
Imperial Age
RankedLock teamsTeams togetherTeam positionsShared explorationLock speedFull tech treeHidden civsTurbo modeCheats
Victory
Defeat
🇨🇦 Maya · Canada
339
+16
🇦🇷 Khmer · Argentina
338
-16
brian_carp11
6:28 Loom
7:08 Loom
10:51 Feudal Age
13:14 Double-Bit Axe
13:16 Horse Collar
JuicyBajan
12:09 Feudal Age
10:24 Loom
16:13 Fletching
16:24 Padded Archer Armor
19:07 Castle Age
23:08 Castle Age
24:36 Eagle Warrior
25:18 Squires
Connection lost

Rejoining the realm…

Still unreachable

The connection could not be restored.

Session expired

The server has moved on; the page needs a fresh start.